 Dungeon Crawl Stone Soup version 0.21.1-1-g345015f (webtiles) character file.

302 kae the Insei (level 6, 0/46 HPs)
             Began as a Demonspawn Transmuter on June 12, 2018.
             Succumbed to an adder's poison
             ... on level 4 of the Dungeon.
             The game lasted 00:04:51 (4798 turns).

kae the Insei (Demonspawn Transmuter)               Turns: 4798, Time: 00:04:53

Health: 0/46       AC:  2    Str: 16    XL:     6   Next: 14%
Magic:  7/10       EV: 21    Int: 14    God:
Gold:   205        SH:  0    Dex: 20    Spells: 5/11 levels left

rFire    . . .     SeeInvis .     - Unarmed
rCold    . . .     Gourm    .   (shield currently unavailable)
rNeg     . . .     Faith    .   (armour currently unavailable)
rPois    x         Spirit   .   (helmet currently unavailable)
rElec    .         Reflect  .   (cloak currently unavailable)
rCorr    +         Harm     .   (gloves currently unavailable)
MR       .....                  (boots currently unavailable)
Stlth    ++........             (no amulet)
HPRegen  0.15/turn              g - ring of resist corrosion
MPRegen  0.12/turn              o - ring of wizardry

@: mighty, lethally poisoned (0 -> -16), spider-form (expiring)
A: tiny
a: End Transformation


You were on level 4 of the Dungeon.
You were hungry.
You were a venomous arachnid creature.
You visited 1 branch of the dungeon, and saw 4 of its levels.

You collected 205 gold pieces.

Inventory:

Missiles
 j - 16 arrows
 m - 4 throwing nets (quivered)
Armour
 b - a +0 robe (melded)
 i - a +2 hat (melded)
Jewellery
 a - an uncursed ring of stealth
 g - a ring of resist corrosion (left front leg)
 o - a ring of wizardry (right front leg)
Wands
 h - a wand of acid (9)
 p - a wand of enslavement (12)
 r - a wand of paralysis (12)
Potions
 e - a potion of flight
 f - 2 potions of curing
 l - a potion of brilliance {unknown}
 n - 2 potions of agility {unknown}
Books
 c - a book of Changes

   Spells                             Type                      Level
   a - Beastly Appendage              Transmutation                1
   b - Sticks to Snakes               Transmutation                2
   c - Spider Form                    Transmutation/Poison         3
   d - Ice Form                       Ice/Transmutation            4
   e - Blade Hands                    Transmutation                5
Comestibles
 d - 6 rations


   Skills:
 + Level 2.5 Fighting
 + Level 2.8 Dodging
 * Level 4.3 Unarmed Combat
 + Level 3.0 Spellcasting
 + Level 2.8 Transmutations


You had 5 spell levels left.
You knew the following spells:

 Your Spells              Type           Power        Failure   Level  Hunger
a - Beastly Appendage     Tmut           ##....       8%          1    #......
b - Sticks to Snakes      Tmut           ##......     10%         2    ##.....
c - Spider Form           Tmut/Pois      #.........   26%         3    ###....


Dungeon Overview and Level Annotations

Branches:
Dungeon (4/15)
 Temple: D:4-7

Altars:
Elyvilon
Fedhas
Uskayaw


Innate Abilities, Weirdness & Mutations

((You have a pair of small antennae on your head.))
((You have sharp fingernails.))
((You have sharp toenails.))
((You are partially covered in sharp spines.))


Message History

The orc hits you with a club.
You bite the orc priest!
You kill the orc priest!
Your Spellcasting skill increases to level 3!
You feel sick. The orc wizard hits you with a dagger.
* * * LOW HITPOINT WARNING * * *
The adder bites you.
* * * LOW HITPOINT WARNING * * *
You are lethally poisoned!
The adder poisons you!
You hit the orc.
You kill the orc!
* * * LOW HITPOINT WARNING * * *
You feel sick. The orc wizard hits you with a dagger.
* * * LOW HITPOINT WARNING * * *
The adder misses you. The orc hits you with a short sword.
* * * LOW HITPOINT WARNING * * *
The orc wizard barely misses you. The adder closely misses you.
You completely miss the orc wizard.
You die...

#### #...# #.####.
..# #...# #...... #.#
##### #######
#.############...##
###..............#...
#...#################
###.# { ######†###
.......)s)#
.......oSo#
............
..........###
..........#
....<.....#
..........#
.......(.#


You could see an orc wizard, an adder and an orc.

Vanquished Creatures
  A bullfrog skeleton (D:4)
  An orc priest (D:4)
  Jessica (D:3)
  Ijyb (D:3)
  A howler monkey skeleton (D:4)
  6 gnolls (D:2)
  3 adders
  4 oozes
  2 worms
  A dart slug (D:3)
  An orc (D:4)
  5 giant cockroaches
  14 goblins
  3 hobgoblins
  6 jackals
  2 quokkas
  7 bats
  4 frilled lizards
  3 kobolds
  5 rats (D:2)
71 creatures vanquished.

Vanquished Creatures (collateral kills)
  A gnoll (D:2)
  An adder (D:2)
  A bat (D:2)
  A giant cockroach (D:2)
4 creatures vanquished.

Grand Total: 75 creatures vanquished

Notes
Turn   | Place    | Note
-------+----------+-------------------------------------------
     0 | D:1      | kae the Demonspawn Transmuter began the quest for the Orb.
     0 | D:1      | Reached XP level 1. HP: 15/15 MP: 3/3
   382 | D:1      | Lost mutation: You have a pair of horns on your head. [demonic ancestry]
   382 | D:1      | Lost mutation: You have a pair of small horns on your head. [demonic ancestry]
   382 | D:1      | Gained mutation: You have a pair of small antennae on your head. [demonic ancestry]
   382 | D:1      | Reached XP level 2. HP: 21/21 MP: 3/5
   386 | D:1      | Learned a level 2 spell: Sticks to Snakes
   519 | D:1      | Reached skill level 3 in Unarmed Combat
  1220 | D:2      | Mutation became permanent: You have razor-sharp toenails. [demonic ancestry]
  1220 | D:2      | Gained mutation: You have claws for feet. [demonic ancestry]
  1220 | D:2      | Reached XP level 3. HP: 24/26 MP: 6/6
  1225 | D:2      | Learned a level 3 spell: Spider Form
  2614 | D:2      | Gained mutation: You are partially covered in sharp spines. [demonic ancestry]
  2614 | D:2      | Reached XP level 4. HP: 23/33 MP: 4/7
  3372 | D:3      | Noticed Jessica
  3386 | D:3      | Killed Jessica
  3386 | D:3      | Reached XP level 5. HP: 9/38 MP: 7/9
  3680 | D:3      | Found a white marble altar of Elyvilon.
  3731 | D:3      | Found a hide-covered altar of Uskayaw.
  3909 | D:3      | Found a blossoming altar of Fedhas.
  4004 | D:3      | Reached skill level 4 in Unarmed Combat
  4009 | D:3      | Noticed Ijyb
  4010 | D:3      | Paralysed by Ijyb for 6 turns
  4370 | D:3      | Paralysed by Ijyb for 4 turns
  4381 | D:3      | Killed Ijyb
  4639 | D:4      | Gained mutation: You have sharp fingernails. [demonic ancestry]
  4639 | D:4      | Reached XP level 6. HP: 45/46 MP: 10/10
  4797 | D:4      | HP: 2/46 [orc/short sword (3)]
  4798 | D:4      | Succumbed to an adder's poison

Skill      XL: |  1  2  3  4  5  6 |
---------------+-------------------+-----
Unarmed Combat | 3 4 |  4.3
Transmutations | 2 |  2.8
Dodging        | 2 |  2.8
Fighting       | 2 |  2.5
Spellcasting   | 3 |  3.0

Action                   |  1- 3 |  4- 6 || total
-------------------------+-------+-------++-------
Melee: Unarmed           |   140 |   106 ||   246
       Headbutt          |     2 |       ||     2
       Kick              |    19 |    19 ||    38
       Punch             |     1 |       ||     1
Throw: Throwing net      |       |     2 ||     2
 Cast: Beastly Appendage |    14 |       ||    14
       Sticks to Snakes  |     7 |     5 ||    12
       Spider Form       |       |    12 ||    12
  Use: Scroll            |       |     9 ||     9
       Potion            |       |     1 ||     1
 Stab: Sleeping          |     1 |     2 ||     3
       Distracted        |     1 |       ||     1
  Eat: Chunk             |     6 |     8 ||    14
Armor: Robe              |    38 |    12 ||    50
       Skin              |       |     6 ||     6
Dodge: Dodged            |   132 |    81 ||   213
